[Event "Early-Titled-Tuesday-Blitz-April-23-2024"]
[Site "Chess.com"]
[Date "2024.04.23"]
[Round "6"]
[White "Hikaru"]
[Black "wonderfultime"]
[Result "1-0"]
[WhiteElo "3299"]
[BlackElo "3066"]
[TimeControl "180+1"]
[EndTime "9:09:34 PDT"]
[Termination "Hikaru won by resignation"]

1. h4 h5 2. e4 e5 3. Bc4 Nc6 4. d3 Bc5 5. c3 d6 6. Nf3 f6 7. d4 Bb6 8. a4 a6 9. Be3 Nh6 10. a5 Ba7 11. Na3 Ng4 12. Nc2 Qe7 13. d5 Nxe3 14. Nxe3 Nd8 15. Qd2 Nf7 16. b4 Bd7 17.
Be2 g6 18. Qc2 Nh6 19. O-O-O Kf7 20. Qd2 Kg7 21. Kb2 Rad8 22. Ne1 Ng4 23. Nxg4 hxg4 24. Bd3 f5 25. g3 Rdf8 26. Rh2 f4 27. Be2 g5 28. h5 Kh6 29. Nc2 Rf6 30. Rdh1 Rhf8 31.
Qd1 f3 32. Bc4 Rc8 33. Qd2 c6 34. dxc6 Bxc6 35. Ne3 Bxe3 36. Qxe3 Rff8 37. Rd1 Rc7 38. Bb3 Bb5 39. Rhh1 Rfc8 40. Rd2 Be2 41. Rc1 Kxh5 42. Bd5 Kg6 43. Qb6 Bb5 44. c4 Bc6 45. c5 dxc5 46.
Rxc5 Kg7 47. Rdc2 Qd6 48. Ka3 Kf6 49. R2c3 Ke7 50. Kb2 Kd7 51. Rd3 Ke7 52. Rdc3 Kd7 53. Bxc6+ bxc6 54. Qxa6 Ke7 55. Qd3 Qe6 56. Qc4 Qd6 57.
Rd3 Qf6 58. b5 Kf8 59. b6 Rb7 60. Rc3 Qd6 61. Rd3 Qe7 62. Qc3 Rcb8 63. Qxe5 Rxb6+ 64. axb6 Rxb6+ 65. Kc2 Qa7 66. Qh8+ 1-0

[Event "Early-Titled-Tuesday-Blitz-April-23-2024"]
[Site "Chess.com"]
[Date "2024.04.23"]
[Round "6"]
[White "alpope"]
[Black "GeorgiosSouleidis"]
[Result "1-0"]
[WhiteElo "2524"]
[BlackElo "2650"]
[TimeControl "180+1"]
[EndTime "9:09:34 PDT"]
[Termination "alpope won on time"]

1. e4 c5 2. Ne2 e6 3. g3 Nc6 4. Bg2 d6 5. O-O Nf6 6. c3 Be7 7. d4 cxd4 8. cxd4 O-O 9. Nbc3 Bd7 10. h3 Rc8 11. Be3 a6 12. Qd2 Na5 13. b3 Bc6 14. d5 exd5 15. exd5 Bd7 16. Nd4 Re8 17. Rac1 Bf8 18. Rfe1 h6 19. Bf4 Rxe1+ 20. Rxe1 Be8 21. Rc1 Bd7 22. Nd1 Rxc1 23. Qxc1 Qb6 24. Be3 Qb4 25. Qd2 Qxd2 26. Bxd2 b6 27. Nb2 Nb7 28. Nc4 b5 29. Nb6 Be7 30. Nc6 Kf8 31. a4 Nc5 32. axb5 axb5 33. b4 Nd3 34. Bf1 Ne5 35. Nxe5 dxe5 36.
Nxd7+ Nxd7 37. Bxb5 Nb6 38. Bc6 Nc4 39. Bc3 Bd6 40.
Kf1 Ke7 41. Ke2 f5 42. Kd3 Nb6 43. Bd2 g5 44. Be3 Bc7 45. Bc5+ Kf6 46. d6 Bd8 47. g4 fxg4 48. hxg4 Ke6 49. Ke4 Kf6 50. f3 Ke6 51. Bb5 Kf6 52. Be8 Ke6 53. Bc6 Kf6 54. Bd5 Na4 55. Kd3 Nb6 56. Be4 Ke6 57. Bh7 Nc8 58.
Bf5+ Kd5 59. Bxc8 1-0

[Event "Early-Titled-Tuesday-Blitz-April-23-2024"]
[Site "Chess.com"]
[Date "2024.04.23"]
[Round "6"]
[White "agustinv04"]
[Black "jinxy2009"]
[Result "1/2-1/2"]
[WhiteElo "2480"]
[BlackElo "2307"]
[TimeControl "180+1"]
[EndTime "9:09:34 PDT"]
[Termination "Game drawn by repetition"]

1. Nf3 Nf6 2. g3 g6 3. Bg2 Bg7 4. O-O O-O 5. b3 b6 6. Bb2 Bb7 7. c4 c5 8. Nc3 d5 9. Nxd5 Nxd5 10. Bxg7 Kxg7 11. cxd5 Bxd5 12. d4 Nd7 13. Rc1 cxd4 14.
Qxd4+ Nf6 15. Rfd1 Rc8 16. Rxc8 Qxc8 17. g4 Bxf3 18.
Bxf3 h6 19. h4 Kg8 20. g5 hxg5 21. hxg5 Nh7 22. Qe5 Qf5 23. Qxf5 gxf5 24. Rd7 Nxg5 25. Rxe7 Nxf3+ 26. exf3 Rc8 27. Rxa7 Rc2 28. Kg2 Kg7 29. f4 Rb2 30. Ra6 f6 31. Ra7+ Kg6 32. Kg3 Rc2 33. Rb7 Rxa2 34. Rxb6 Rb2 35. Rb7 Kh6 36. Kf3 Kg6 37.
Ke3 Kh6 38. b4 Rb3+ 39. Ke2 Kh5 40. b5 Kg4 41. b6 Kxf4 42. Rb8 Rb2+ 43. Ke1 Kf3 44.
b7 f4 45. Kd1 Kxf2 46. Kc1 Rb6 47. Kc2 f3 48. Kd2 Kf1 49. Kd1 f2 50. Kd2 Rb5 51.
Kd1 Rd5+ 52. Kc2 Rb5 53. Kd2 Rb6 54. Kd1 Rb5 55. Kc2 Rb6 56. Kd2 Rb2+ 57. Ke3 Rb5 58. Kf3 Rb3+ 59. Kf4 Rb4+ 60. Kf5 Rb6 61. Kf4 Rb4+ 62.
Kf5 Rb5+ 63. Kf4 Rb6 64. Kf3 Rb4 65. Ke3 Rb3+ 66. Kd2 Rb6 67. Kd1 Rb1+ 68. Kd2 Rb6 1/2-1/2

[Event "Early-Titled-Tuesday-Blitz-April-23-2024"]
[Site "Chess.com"]
[Date "2024.04.23"]
[Round "6"]
[White "Keranke"]
[Black "Polish_fighter3000"]
[Result "1/2-1/2"]
[WhiteElo "2866"]
[BlackElo "3109"]
[TimeControl "180+1"]
[EndTime "9:09:35 PDT"]
[Termination "Game drawn by stalemate"]

1. c4 e6 2. g3 d5 3. Bg2 Nf6 4. Nf3 Bd6 5. d4 Nc6 6. Nbd2 a5 7. O-O a4 8. Qc2 b6 9. e4 Nb4 10. Qb1 dxe4 11. Nxe4 Bb7 12. Nxf6+ Qxf6 13. a3 Bxf3 14.
Bxf3 Qxf3 15. axb4 Bxb4 16. Qc2 h5 17. Rxa4 h4 18. Rxa8+ Qxa8 19. d5 h3 20. Qe4 O-O 21. Bf4 Bd6 22. Bxd6 cxd6 23. Qg4 exd5 24. cxd5 Qc8 25.
Qf3 Re8 26. g4 Qc2 27. Qxh3 Qxb2 28. Qg3 Re5 29. Rd1 b5 30. Qf4 b4 31. Rc1 g5 32.
Rc8+ Kg7 33. Qf3 b3 34. Rc7 Qb1+ 35. Kg2 Qg6 36. Qxb3 Qe4+ 37. Qf3 Qxf3+ 38. Kxf3 Rxd5 39. Ke4 Re5+ 40. Kf3 Kf6 41. Kg3 Rd5 42. Rc3 Rd1 43. Rf3+ Ke6 44. Re3+ Kf6 45. Rf3+ Kg6 46. Rf5 Rg1+ 47.
Kf3 Re1 48. Rd5 Re6 49. Kg3 Kf6 50. h4 gxh4+ 51. Kxh4 Ke7 52. f4 Re1 53. f5 Re5 54.
Rd1 Re4 55. Kg5 Rc4 56. Re1+ Kf8 57. Kf6 Rxg4 58. Ra1 Re4 59. Ra8+ Re8 60. Ra7 Kg8 61. Rxf7 Rf8 62. Rxf8+ Kxf8 63. Ke6 d5 64. Kxd5 Kf7 65. Ke5 Ke7 66. f6+ Kf7 67. Kf5 Kf8 68. Ke6 Ke8 69. f7+ Kf8 70. Kf6 1/2-1/2

[Event "Early-Titled-Tuesday-Blitz-April-23-2024"]
[Site "Chess.com"]
[Date "2024.04.23"]
[Round "6"]
[White "SpeedofLight0"]
[Black "Nemegejas"]
[Result "1-0"]
[WhiteElo "3077"]
[BlackElo "2816"]
[TimeControl "180+1"]
[EndTime "9:09:35 PDT"]
[Termination "SpeedofLight0 won on time"]

1. d4 Nf6 2. Nc3 d5 3. Bf4 c5 4.
e3 cxd4 5. exd4 a6 6. Nf3 Bg4 7. h3 Bxf3 8. Qxf3 Nc6 9. O-O-O e6 10. g4 Bd6 11. Be3 Qa5 12. g5 Ne4 13. Nxe4 dxe4 14. Qxe4 Qxa2 15. c3 Rc8 16. Qb1 Qa5 17. Bd3 Nb4 18. Be4 Nd5 19. Kd2 Nxe3 20. fxe3 Qxg5 21.
Bxb7 Rc7 22. Bxa6 Qg2+ 23. Be2 O-O 24. Qd3 Rb8 25. Rb1 Qa8 26. Rhd1 Qa2 27. Qc2 g6 28. Bf3 Qa5 29. Rg1 Kg7 30. Ke2 e5 31. d5 e4 32. Bxe4 Re7 33. b4 Qb6 34. c4 Bh2 35. Rg2 Rbe8 36. c5 Qa6+ 37. Qd3 Qa2+ 38. Kf1 Qa4 39. Rxh2 Rxe4 40. Re2 Qd7 41. Ke1 Qxh3 42. Kd2 R4e5 43. e4 Qh6+ 44. Kc3 Qf4 45. Rbe1 Ra8 46. Kc4 Kg8 47. Qe3 Qf6 48. Qd4 Qa6+ 49. Kc3 Qa3+ 50. Kc4 Qa6+ 51. Kc3 Rg5 52. Rb2 Rg3+ 53. Re3 Rg1 54.
Ree2 Rc1+ 55. Kd2 Rh1 56. b5 Qa1 57. Ke3 Qc1+ 58. Qd2 Qg1+ 59. Kd3 Ra3+ 60. Kc4 Rhh3 61. b6 Rhf3 62. b7 Qf1 63. b8=Q+ Kg7 64. Qe5+ f6 65. Qed4 1-0

[Event "Early-Titled-Tuesday-Blitz-April-23-2024"]
[Site "Chess.com"]
[Date "2024.04.23"]
[Round "6"]
[White "AsaHoffmann"]
[Black "Vse_po_kaify"]
[Result "1/2-1/2"]
[WhiteElo "2400"]
[BlackElo "2557"]
[TimeControl "180+1"]
[EndTime "9:09:35 PDT"]
[Termination "Game drawn by repetition"]

1. d4 Nf6 2. Bg5 e6 3. Nd2 b6 4. e3 h6 5. Bh4 Bb7 6. Ngf3 d6 7. Bd3 Nbd7 8. O-O Qe7 9. c3 e5 10. e4 g5 11. Bg3 Bg7 12. Re1 Nh5 13. Nc4 Nf4 14.
Bf1 h5 15. h4 g4 16. Nfd2 O-O-O 17. Ne3 Kb8 18. Nf5 Qf8 19. Qa4 Ne6 20. d5 Nf4 21.
Bb5 a6 22. Bxd7 Nd3 23. Bc6 Nxe1 24. Rxe1 Bf6 25. c4 Bxc6 26. Qxc6 Qe8 27. Qxe8 Rhxe8 28. b4 Ka7 29. Rc1 Rb8 30. Nb3 Rec8 31. f3 gxf3 32. gxf3 a5 33. a3 a4 34. Nd2 Kb7 35. Bf2 Rg8+ 36.
Kf1 Rg6 37. Nb1 Rbg8 38. Nc3 Rg2 39. c5 Rh2 40. Ke2 Rgg2 41. Nd1 Bxh4 42. Nxh4 Rxh4 43. cxd6 cxd6 44. Rc6 Rh1 45. Rxb6+ Kc7 46. Rc6+ Kd7 47.
Ne3 Rg6 48. b5 h4 49. b6 h3 50. b7 Rb1 51. Nc4 h2 52. Nb6+ Rxb6 53. Rxb6 Rg8 54.
Rb1 Rb8 55. Rh1 Rxb7 56. Rxh2 Rb3 57. Rh6 Rxa3 58. Bh4 Ra2+ 59. Kd3 Ra3+ 60. Ke2 Ra2+ 61. Kf1 a3 62. Rh8 Ra1+ 63. Kg2 a2 64. Ra8 Kc7 65. Bf2 Kb7 66. Ra3 Kc7 67. Kg3 Kd7 68. Ra7+ Ke8 69. Kg4 Kf8 70. Kf5 Kg7 71. Bh4 Rf1 72. Bf6+ Kh7 73.
Ra8 Rxf3+ 74. Kg5 Rg3+ 75. Kf5 Rf3+ 76. Kg5 Rg3+ 77. Kf5 Rf3+ 1/2-1/2

[Event "Early-Titled-Tuesday-Blitz-April-23-2024"]
[Site "Chess.com"]
[Date "2024.04.23"]
[Round "6"]
[White "Binary010"]
[Black "AcostaPablo"]
[Result "1-0"]
[WhiteElo "2851"]
[BlackElo "2607"]
[TimeControl "180+1"]
[EndTime "9:09:36 PDT"]
[Termination "Binary010 won by checkmate"]

1. d4 Nf6 2. c4 e6 3. Nf3 Bb4+ 4.
Bd2 Qe7 5. g3 O-O 6. Bg2 Bxd2+ 7. Qxd2 d6 8. O-O e5 9. Nc3 c6 10. e4 Bg4 11. d5 Bxf3 12. Bxf3 Na6 13. Rab1 Rfc8 14. b4 cxd5 15. cxd5 Nd7 16. Rfc1 Nb6 17. Bg4 Rc4 18. a3 g6 19. Qe2 Qc7 20. Na2 h5 21.
Bh3 Rd8 22. Bf1 Rc8 23. Rxc4 Qxc4 24. Qxc4 Nxc4 25. Rc1 Nb6 26. Rxc8+ Nxc8 27. Nc3 Nc7 28. f4 f6 29. Kf2 Kf7 30. Ke3 Ke7 31. a4 Nb6 32. a5 Nd7 33. Na4 Kf7 34. Nb2 Ke7 35.
Nc4 Na6 36. b5 Nac5 37. Bh3 b6 38. a6 Nf8 39. Nxb6 f5 40. exf5 gxf5 41. Bxf5 Kf6 42. Bh3 exf4+ 43. gxf4 Ng6 44. Nc8 Ne7 45. Nxa7 Nxd5+ 46. Kf3 Nb6 47. Nc6 d5 48. a7 d4 49. Nxd4 Ke7 50. Nc6+ Kd6 51. Ne5 Nb3 52. Nc4+ Nxc4 53.
a8=Q Nd4+ 54. Kg2 Nxb5 55. Qd8+ Kc5 56. Qe7+ Kd4 57. f5 Nbd6 58. f6 Ne3+ 59. Kf3 Nec4 60. Qa7+ Ke5 61. f7 Kd5 62. f8=Q Ne5+ 63. Kg2 Ne4 64.
Qg8+ Kd6 65. Qe6# 1-0

[Event "Early-Titled-Tuesday-Blitz-April-23-2024"]
[Site "Chess.com"]
[Date "2024.04.23"]
[Round "6"]
[White "Hamisandwich"]
[Black "MFatigue"]
[Result "1-0"]
[WhiteElo "2725"]
[BlackElo "2552"]
[TimeControl "180+1"]
[EndTime "9:09:37 PDT"]
[Termination "Hamisandwich won by resignation"]

1. a3 g6 2. e4 Bg7 3. d4 d6 4.
Nc3 Nc6 5. Be3 e5 6. dxe5 dxe5 7. Qxd8+ Nxd8 8. Nb5 Ne6 9. Nxa7 Bd7 10. Nb5 Ne7 11.
Nf3 O-O 12. O-O-O Rfd8 13. Bc4 Bxb5 14. Bxb5 Nd4 15. Nxd4 exd4 16. Bf4 c6 17. Bd3 b5 18.
Kd2 h6 19. h4 Rd7 20. Ra1 Rb7 21. Bd6 Nc8 22. Bc5 Nb6 23. f4 Na4 24. b4 Nxc5 25. bxc5 Rba7 26. h5 gxh5 27. Rxh5 Rxa3 28. Rb1 Rc3 29.
Rf5 Bf8 30. Ke2 Rxc5 31. e5 Bg7 32. Rb4 f6 33. Rxd4 fxe5 34. Rd7 Rf8 35. Rxf8+ Kxf8 36. f5 Bf6 37. Kf3 Bg5 38. Kg4 Rd5 39. Rc7 Rd6 40. Kf3 Ke8 41. Be4 Kd8 42. Ra7 Kc8 43. Rf7 Kd8 44.
Rb7 Kc8 45. Rf7 Kd8 46. Kg4 Kc8 47. Kh5 Kd8 48. Rg7 c5 49. Rb7 b4 50. Kg4 Kc8 51.
Rf7 Rb6 52. Bd5 Kd8 53. Be6 Rc6 54. Rd7+ Ke8 55. Rb7 Bd2 56. Bd7+ Kd8 57. Bxc6 Kc8 58. Kf3 c4 59. Ke4 Bf4 60. Bd5 b3 61. cxb3 c3 62.
Kd3 c2 63. Kxc2 h5 64. Be4 h4 65. Kd3 h3 66. gxh3 1-0

[Event "Early-Titled-Tuesday-Blitz-April-23-2024"]
[Site "Chess.com"]
[Date "2024.04.23"]
[Round "6"]
[White "Thebigsqueeze"]
[Black "abelmat"]
[Result "1-0"]
[WhiteElo "2317"]
[BlackElo "2055"]
[TimeControl "180+1"]
[EndTime "9:09:38 PDT"]
[Termination "Thebigsqueeze won by checkmate"]

1. d4 d5 2. Nf3 e6 3. g3 Nf6 4.
Bg2 Be7 5. c4 O-O 6. O-O dxc4 7.
Qa4 a6 8. Qxc4 b5 9. Qc2 Bb7 10. Bf4 Nbd7 11. Qxc7 Qxc7 12. Bxc7 Rac8 13. Rc1 Nb6 14.
Nbd2 Nbd5 15. Ba5 Bb4 16. Bxb4 Nxb4 17. a3 Nc2 18. Rab1 Bd5 19. Rd1 h6 20. e3 Ne4 21.
Nxe4 Bxe4 22. Nd2 Nxe3 23. fxe3 Bxb1 24. Rxb1 Rc2 25. Nb3 Rfc8 26. Nc5 a5 27. Bf1 b4 28. axb4 axb4 29. b3 Ra8 30. Na4 Rac8 31. Re1 Rc1 32. Kf2 R8c2+ 33. Be2 Rxe1 34. Kxe1 Ra2 35.
Nc5 Ra3 36. Kd2 Ra2+ 37. Kd3 g6 38. h3 Kg7 39. e4 h5 40. Ke3 Ra1 41. e5 Rg1 42. g4 Rh1 43. gxh5 gxh5 44. Ne4 Rxh3+ 45. Bf3 h4 46. Nf2 Rh2 47. Ke2 h3 48. Kf1 Rh1+ 49. Bxh1 h2 50. Ng4 f6 51. exf6+ Kf7 52. Kf2 Kg6 53.
Ke3 Kg5 54. f7 Kxg4 55. f8=Q Kg3 56. Qg7+ Kh3 57. Kf3 e5 58. Qh6# 1-0

[Event "Early-Titled-Tuesday-Blitz-April-23-2024"]
[Site "Chess.com"]
[Date "2024.04.23"]
[Round "6"]
[White "only_strong_moves"]
[Black "WilsonPalencia21"]
[Result "1/2-1/2"]
[WhiteElo "2702"]
[BlackElo "2551"]
[TimeControl "180+1"]
[EndTime "9:09:42 PDT"]
[Termination "Game drawn - insufficient material"]

1. e4 c5 2. Nf3 d6 3. Bb5+ Nd7 4. Ba4 a6 5. c3 Nf6 6. Bc2 e5 7. O-O Qc7 8. d4 Be7 9. Re1 h6 10. Nh4 cxd4 11. cxd4 Nf8 12. Nc3 Bg4 13. f3 Be6 14. Nf5 Bxf5 15. exf5 N8d7 16. Be3 O-O 17.
Qd2 Rfe8 18. Rac1 Bf8 19. Kh1 exd4 20. Qxd4 Qa5 21. Bb3 Qxf5 22. Nd5 Nxd5 23. Bxd5 Nc5 24. b4 Ne6 25. Qd2 Rab8 26. a4 Rec8 27. Rxc8 Rxc8 28. Bxb7 Rc2 29. Qd1 Rb2 30. Be4 Qh5 31. Bd2 Ng5 32. Bd5 Nh3 33. gxh3 Qxd5 34. Bc3 Qxd1 35. Rxd1 Rb3 36.
Be1 Rxf3 37. Rb1 Ra3 38. b5 axb5 39. axb5 Ra7 40. b6 Rb7 41. Rb5 Be7 42. Kg2 Kf8 43.
Bf2 Ke8 44. Kf3 Kd7 45. Ke4 Kc6 46. Rb3 g6 47. Rf3 f5+ 48. Kd3 Bd8 49. Rg3 g5 50. Rf3 f4 51. Ke4 Bxb6 52. Rc3+ Bc5 53. Kf5 Kd7 54.
Bxc5 Rb5 55. Kg6 Rxc5 56. Rd3 Rc2 57. Kxh6 Rc5 58. Kh5 Rf5 59. Kg4 Re5 60. h4 gxh4 61. Kxf4 h3 62. Kg4 Re2 63. Kxh3 Ke6 64. Kg4 d5 65. h4 Ke5 66. h5 Ke4 67. Rh3 Rg2+ 68. Kh4 Rg8 69. h6 d4 70. h7 Rh8 71. Kg5 d3 72. Kg6 d2 73. Rh1 Rxh7 74. Kxh7 Ke3 75.
Kg6 Ke2 76. Rh2+ Ke1 77. Kf5 d1=Q 78. Rh1+ Ke2 79. Rxd1 Kxd1 1/2-1/2

[Event "Early-Titled-Tuesday-Blitz-April-23-2024"]
[Site "Chess.com"]
[Date "2024.04.23"]
[Round "6"]
[White "Bada_norovsambuu"]
[Black "N_I_Chess"]
[Result "1-0"]
[WhiteElo "2237"]
[BlackElo "2370"]
[TimeControl "180+1"]
[EndTime "9:09:44 PDT"]
[Termination "Bada_norovsambuu won on time"]

1. Nf3 Nf6 2. d4 d5 3. c4 e6 4.
g3 dxc4 5. Bg2 Nc6 6. O-O Bd6 7. Nbd2 c3 8. bxc3 O-O 9. e4 e5 10. Qc2 Bg4 11. h3 Bh5 12. d5 Nb8 13. c4 Nbd7 14.
Nb3 b6 15. Be3 Qe7 16. Rac1 Bg6 17. Nfd2 Nc5 18. Nxc5 Bxc5 19. Bxc5 Qxc5 20. Nb3 Qd6 21. c5 bxc5 22. Nxc5 Rab8 23. Qc4 c6 24. Na6 cxd5 25. exd5 Rb6 26. Nc5 Rc8 27. Rc3 h6 28. Rfc1 Nd7 29. Qg4 Rxc5 30. Rxc5 Nxc5 31. Qc8+ Kh7 32.
Qxc5 Bd3 33. Qxd6 Rxd6 34. Rc7 a6 35. Rxf7 e4 36. Re7 Rxd5 37. Bxe4+ Bxe4 38. Rxe4 Ra5 39. a4 Kg6 40. Kg2 Kf6 41. Kf3 g6 42. Ke3 Rd5 43. Rd4 Re5+ 44. Kd3 Ra5 45. f4 Ke6 46. Ke4 Rc5 47. Rb4 Rc6 48. a5 Kd7 49. g4 Rc5 50.
Rb7+ Ke8 51. Rb6 Rxa5 52. Rxg6 Ra3 53. Rxh6 a5 54. h4 a4 55. Ra6 Ra1 56. Kf5 a3 57. h5 Kf7 58. Ra7+ Kg8 59. Kg6 Kf8 60. g5 Rg1 61. Rxa3 Rc1 62. f5 Rc8 63. f6 Kg8 64. Ra7 Kh8 65. Kh6 1-0

[Event "Early-Titled-Tuesday-Blitz-April-23-2024"]
[Site "Chess.com"]
[Date "2024.04.23"]
[Round "6"]
[White "Baku_Boulevard"]
[Black "TanitoluwaAps116"]
[Result "1-0"]
[WhiteElo "3040"]
[BlackElo "2785"]
[TimeControl "180+1"]
[EndTime "9:09:45 PDT"]
[Termination "Baku_Boulevard won by checkmate"]

1. e4 c5 2. Nf3 e6 3. d4 cxd4 4. Nxd4 Nf6 5. Nc3 Nc6 6. Be2 Qc7 7. O-O a6 8. Be3 Be7 9. f4 d6 10. Kh1 O-O 11. a4 Bd7 12. Bd3 Nxd4 13. Bxd4 Bc6 14. a5 Rac8 15. Qe1 e5 16. Bb6 Qd7 17. Rd1 exf4 18. Rxf4 Qe6 19. Qf1 Ng4 20. Nd5 Bg5 21.
Rf5 Qh6 22. h3 Bxd5 23. Rxd5 Be3 24. Qf3 Nf2+ 25. Qxf2 Bxf2 26. Bxf2 Rfe8 27. Bg3 Qf6 28. b3 Rc5 29. Rxd6 Qg5 30. Kh2 h5 31. h4 Qg4 32.
Rf1 g5 33. Rf3 gxh4 34. Bf4 Rg5 35. Bxg5 Qxg5 36. Rd5 Re5 37. Rd7 f6 38. Rxb7 Rxa5 39. Bc4+ Kh8 40. Re7 Re5 41. Rf7 Rxe4 42. R7xf6 Qe5+ 43.
Kh1 Re1+ 44. Bf1 Kg7 45. Rf7+ Kg6 46. Rf8 Kg7 47. R8f5 Qa1 48. Kh2 Qd4 49. c3 Qd6+ 50.
Kh1 Qb6 51. b4 h3 52. Rxh3 a5 53. bxa5 Qa6 54. Rhf3 Qd6 55. Kg1 h4 56. Kh1 Kg6 57. R5f4 Kg5 58. Rf8 Kh6 59. R8f6+ Qxf6 60. Rxf6+ Kg5 61.
Rf3 Kg4 62. a6 Ra1 63. Kh2 Kg5 64. Rf8 Kg4 65. Ra8 h3 66. a7 hxg2 67. Bxg2 Kh4 68. Rh8+ Kg4 69. a8=Q Ra5 70. Qxa5 Kf4 71. Qd5 Kg4 72.
Qc5 Kf4 73. Rh4# 1-0

[Event "Early-Titled-Tuesday-Blitz-April-23-2024"]
[Site "Chess.com"]
[Date "2024.04.23"]
[Round "6"]
[White "Sofia_Blokhin"]
[Black "Schattman"]
[Result "1-0"]
[WhiteElo "2257"]
[BlackElo "2455"]
[TimeControl "180+1"]
[EndTime "9:09:45 PDT"]
[Termination "Sofia_Blokhin won on time"]

1. d4 d5 2. c4 e6 3. Nc3 Be7 4. cxd5 exd5 5. Bf4 c6 6. e3 Bd6 7. Bg3 Nf6 8. Bd3 O-O 9. f4 Re8 10. Qd2 Ng4 11. Nd1 g5 12. Ne2 Qe7 13. fxg5 Bxg3+ 14. Nxg3 Nxe3 15. Nxe3 Qxe3+ 16. Qxe3 Rxe3+ 17. Kd2 Re8 18. Nh5 Nd7 19. Rae1 Rxe1 20. Rxe1 Kf8 21. Bxh7 Nb6 22.
Nf6 Nc4+ 23. Kc3 Be6 24. h4 a5 25. h5 b5 26. b3 b4+ 27. Kc2 Na3+ 28. Kb2 Nb5 29.
h6 a4 30. g6 fxg6 31. Rxe6 Kf7 32. Rxc6 Nxd4 33. Rb6 a3+ 34. Kb1 Rc8 35. Nxd5 Rd8 36. Bxg6+ Kf8 37. h7 Kg7 38. Be4 Ne2 39. Rb7+ Kh8 40.
Rxb4 Ng3 41. Bf3 Re8 42. Kc2 Kxh7 43. Rb7+ Kh6 44. Ra7 Rc8+ 45. Kd3 Nf5 46. Rxa3 Kg5 47. Ra6 Rd8 48. Kc4 Rc8+ 49. Kd3 Rd8 50. b4 Rd7 51. b5 Rd6 52. Rxd6 Nxd6 53. b6 Kf5 54. a4 Ke5 55. a5 Nb7 56. a6 Nc5+ 57. Kc4 Nxa6 58. b7 Nb8 59. Kb5 Nd7 60. Kc6 Nb8+ 61. Kc7 Na6+ 62. Kc8 Kd4 63. b8=Q Nxb8 64. Kxb8 Kd3 65. g4 Kd2 66. g5 Ke1 67. g6 Kf2 68. g7 Kf1 69.
g8=Q Kf2 70. Qg2+ 1-0

[Event "Early-Titled-Tuesday-Blitz-April-23-2024"]
[Site "Chess.com"]
[Date "2024.04.23"]
[Round "6"]
[White "JiaHaoxiang"]
[Black "joshdaruca"]
[Result "1/2-1/2"]
[WhiteElo "2583"]
[BlackElo "2752"]
[TimeControl "180+1"]
[EndTime "9:09:46 PDT"]
[Termination "Game drawn - insufficient material"]

1. d4 Nf6 2. Nf3 e6 3. c4 d5 4. g3 dxc4 5. Bg2 Nc6 6. Qa4 Be7 7. Ne5 O-O 8. Nxc6 bxc6 9. Qxc4 Rb8 10. a3 Rb6 11. Nc3 Ba6 12. Qa4 Nd5 13. Qc2 Nxc3 14. bxc3 c5 15. O-O cxd4 16. cxd4 Bf6 17. Rd1 Qb8 18. Bf4 Rb2 19. Qxc7 Qxc7 20. Bxc7 Bxe2 21. Rdb1 Rxb1+ 22. Rxb1 Bxd4 23. Bd6 Rd8 24. Be7 Rc8 25. Bb7 Rc7 26. Bd6 Rc2 27. Be4 Rb2 28. Rc1 f5 29.
Rc8+ Kf7 30. Rc7+ Kf6 31. Bc2 Bf3 32. Kf1 Ra2 33. Ke1 Ra1+ 34. Kd2 Bxf2 35. Be7+ Kg6 36. Bb3 Bd5 37. Bxd5 exd5 38. Bf8 Bd4 39. Rd7 Bf6 40. Rxd5 Ra2+ 41. Kd3 Rxh2 42. Ra5 Rg2 43. Bd6 h5 44. Rxa7 h4 45. gxh4 Bxh4 46. Be5 Bf6 47. Ra6 Kg5 48.
Bxf6+ gxf6 49. Ke3 f4+ 50. Kf3 Rg3+ 51. Kf2 Rb3 52.
a4 Kg4 53. Rxf6 Rb2+ 54. Ke1 Kg3 55. a5 Ra2 56. a6 Ra1+ 57. Ke2 Ra2+ 58. Ke1 Kf3 59.
Rg6 Ra1+ 60. Kd2 Kf2 61. Kc3 f3 62. Kb4 Ke2 63. Kb5 Ra3 64. Rf6 f2 65. Rxf2+ Kxf2 66. Kb6 Rb3+ 67. Kc7 Ra3 68. Kb7 Ke3 69. a7 Kd4 70.
a8=Q Rxa8 71. Kxa8 1/2-1/2

[Event "Early-Titled-Tuesday-Blitz-April-23-2024"]
[Site "Chess.com"]
[Date "2024.04.23"]
[Round "6"]
[White "Anton_Demchenko"]
[Black "mishanick"]
[Result "1/2-1/2"]
[WhiteElo "2985"]
[BlackElo "3168"]
[TimeControl "180+1"]
[EndTime "9:09:47 PDT"]
[Termination "Game drawn by repetition"]

1. e4 c5 2. Nf3 d6 3. d4 cxd4 4. Qxd4 Nf6 5. Nc3 Nc6 6. Qe3 g6 7. h3 Bg7 8. Bc4 O-O 9. O-O b6 10. Rd1 Nd7 11. Bb3 Bb7 12. Nd5 Na5 13. Qg5 e6 14. Ne7+ Kh8 15. Qh4 Nxb3 16. axb3 Nf6 17.
e5 Qxe7 18. exf6 Bxf6 19. Ng5 Bxg5 20. Bxg5 f6 21. Bh6 Rg8 22. Qb4 g5 23. Rxd6 Rg6 24.
Rad1 Rag8 25. Qa3 Bc8 26. Rd8 Qxa3 27. bxa3 e5 28. h4 gxh4 29. Rxg8+ Rxg8 30. Rd6 Bb7 31. Rxf6 Rxg2+ 32. Kf1 h3 33. Rf8+ Rg8 34. Rxg8+ Kxg8 35. Kg1 Be4 36. c3 Bc2 37. b4 Bb3 38. Kh2 Be6 39. Bg5 Kf7 40. Bd8 Bf5 41. Bc7 Ke6 42. c4 Bd3 43. c5 b5 44. Bb8 a6 45. Kxh3 Bf5+ 46.
Kh4 Kf6 47. Bc7 Be4 48. Kh5 Bc6 49. Kg4 Bd7+ 50. Kg3 Kf5 51. Bd6 Bc6 52. f3 Bd5 53. Bc7 Bc6 54. Bd6 Be8 55. Bc7 Ke6 56. Bd6 Kd5 57.
Kg4 Bg6 58. Kg5 e4 59. fxe4+ Bxe4 60. Kf6 h5 61. Kg5 Bf3 62. Bf4 Bg4 63. Bg3 Kc4 64.
c6 Kb3 65. c7 Kxa3 66. Be1 Kb3 67. c8=Q Bxc8 68. Kxh5 Kc2 69. Kg5 Kd1 70. Bc3 Kc2 71. Be1 Kd1 72. Bc3 Kc2 73. Be1 1/2-1/2

[Event "Early-Titled-Tuesday-Blitz-April-23-2024"]
[Site "Chess.com"]
[Date "2024.04.23"]
[Round "6"]
[White "eljanov"]
[Black "frederiksvane"]
[Result "1-0"]
[WhiteElo "2914"]
[BlackElo "3028"]
[TimeControl "180+1"]
[EndTime "9:09:50 PDT"]
[Termination "eljanov won by resignation"]

1. Nf3 c6 2. g3 d5 3. c4 Nf6 4. Bg2 e6 5. O-O Be7 6. Qc2 O-O 7.
b3 b6 8. Rd1 Nbd7 9. Nc3 Ba6 10.
d3 Rc8 11. e4 dxe4 12. dxe4 Qc7 13. Nh4 Rfd8 14. h3 Bc5 15. Na4 Bf8 16. f4 e5 17. Rf1 b5 18. Nb2 Nc5 19. fxe5 Qxe5 20. Bf4 Qd4+ 21. Kh2 bxc4 22. Nf5 cxb3 23. axb3 Qb4 24.
Rxa6 Nxa6 25. e5 Nd5 26. Bg5 Re8 27. Nc4 Rb8 28. Qf2 Qb7 29. Nfd6 Bxd6 30. Nxd6 Qd7 31.
Nxe8 Rxe8 32. Ra1 Nac7 33. Rxa7 h6 34. Bf4 Qc8 35. h4 Rf8 36. Bd2 Qb8 37. Ra3 Ne6 38. Qf5 Ne7 39. Qe4 Rd8 40. Be3 Nd5 41. Bf2 Nc3 42.
Qxc6 Nb5 43. Ra8 Qxa8 44. Qxa8 Rxa8 45. Bxa8 Kf8 46. b4 Ke7 47. Kg2 Kd8 48. Kf3 Kc7 49.
Bd5 Nc3 50. Bc4 Kc6 51. Be1 Nb5 52. Bd2 Nbd4+ 53. Ke4 Nb5 54. Bd5+ Kd7 55. Kd3 Nbc7 56. Kc4 Nxd5 57. Kxd5 Nc7+ 58. Kc5 Ne6+ 59. Kb6 Nd4 60. b5 Kc8 61. Be3 Nf5 62. Bf2 Ne7 63. Kc5 Nf5 64.
b6 Kb7 65. h5 Ne7 66. Kd6 Nf5+ 67. Kd7 Kb8 68. g4 g6 69. gxf5 gxf5 70. Ke7 1-0

[Event "Early-Titled-Tuesday-Blitz-April-23-2024"]
[Site "Chess.com"]
[Date "2024.04.23"]
[Round "6"]
[White "KnightDuta"]
[Black "balack95"]
[Result "1-0"]
[WhiteElo "2746"]
[BlackElo "2445"]
[TimeControl "180+1"]
[EndTime "9:09:50 PDT"]
[Termination "KnightDuta won by resignation"]

1. e4 c5 2. Nf3 e6 3. d4 cxd4 4.
Nxd4 Nc6 5. Nb5 d6 6. c4 Nf6 7.
N1c3 a6 8. Na3 Qa5 9. Bd3 Be7 10. O-O O-O 11. Nc2 b5 12. cxb5 axb5 13. Bxb5 Bb7 14.
Bd2 Qb6 15. Be3 Qa5 16. f3 Rfd8 17. Qe2 d5 18. exd5 Nxd5 19. Nxd5 Rxd5 20. Bc4 Ba6 21. Bxa6 Rxa6 22. Rfd1 Rxd1+ 23. Qxd1 h6 24. Qd7 Bf6 25. Nd4 Ne5 26. Qc8+ Kh7 27. Qc2+ Kg8 28. a4 Ra8 29. Nb5 Qb4 30. Bc5 Qh4 31. Bf2 Qb4 32. Bc5 Qh4 33.
Qe4 Qxe4 34. fxe4 Nc4 35. Bd4 Bxd4+ 36. Nxd4 Nxb2 37. a5 Ra6 38. Nb3 Nc4 39. Ra4 Nd6 40. Nc5 Rc6 41. a6 Nc8 42. Nb7 Na7 43. Kf2 Kf8 44.
e5 Ke7 45. Ke3 Kd7 46. Ra2 Kc7 47. Nd6 f6 48. Ne8+ Kb6 49. Nxg7 fxe5 50. Nh5 Rc3+ 51.
Ke4 Rc5 52. Nf6 Ra5 53. Rxa5 Kxa5 54. Kxe5 Kxa6 55. Kxe6 Kb5 56. Kf5 Kc6 57. Kg6 Kd6 58.
Kxh6 Ke6 59. Kg6 Nc6 60. Ng4 Kd6 61. Kf6 Ne7 62. h4 Nd5+ 63. Kg5 Ke7 64. h5 Kf7 65. h6 Nc3 66. Ne5+ Kg8 67. Kg6 Nd5 68. h7+ Kf8 69. h8=Q+ 1-0